 Dungeon Crawl Stone Soup version 0.20.0 (webtiles) character file.

409 azrac the Bolt Thrower (level 7, -4/53 HPs)
             Began as a Formicid Hunter on June 4, 2017.
             Slain by an iguana (12 damage)
             ... on level 4 of the Dungeon.
             The game lasted 00:05:48 (3451 turns).

azrac the Bolt Thrower (Formicid Hunter)            Turns: 3451, Time: 00:05:48

Health: -4/53      AC:  4    Str: 23    XL:     7   Next: 13%
Magic:  7/7        EV: 12    Int: 10    God:
Gold:   238        SH:  0    Dex: 11    Spells: 6/6 levels left

rFire    . . .     SeeInvis +   a - +1 hand crossbow
rCold    . . .     Gourm    .   (no shield)
rNeg     . . .     Faith    .   c - +0 leather armour
rPois    .         Spirit   .   (helmet unavailable)
rElec    .         Reflect  .   y - +0 cloak
rCorr    .         Harm     .   (no gloves)
MR       +....                  (no boots)
Stlth    +.........             (no amulet)
Regen    0.2/turn               m - ring of protection from magic
MPRegen  0.1/turn               B - +4 ring of strength

@: no status effects
A: permanent stasis, dig shafts and tunnels, four strong arms, antennae 3
a: Dig, Shaft Self


You were on level 4 of the Dungeon.
You were not hungry.

You visited 1 branch of the dungeon, and saw 4 of its levels.

You collected 238 gold pieces.

Inventory:

Hand Weapons
 a - a +1 hand crossbow (weapon)
 b - a +0 short sword
Missiles
 A - 2 bolts (quivered)
Armour
 c - a +0 leather armour (worn)
 y - a +0 cloak (worn)
Jewellery
 m - a ring of protection from magic (left hand)
 B - a +4 ring of strength (right hand)
Wands
 x - a wand of flame (18/48)
Scrolls
 d - a scroll of remove curse {unknown}
 e - a scroll of blinking {unknown}
 g - a scroll of fear {unknown}
 k - 2 scrolls of identify {unknown}
 l - 2 scrolls of enchant armour {unknown}
 n - a scroll of fog {unknown}
 r - a scroll of noise {unknown}
 s - a scroll of immolation {unknown}
 u - 2 scrolls of magic mapping {unknown}
 w - a scroll of recharging {unknown}
Potions
 h - a potion of heal wounds {unknown}
 p - a potion of might {unknown}
 q - a potion of magic {unknown}
 v - 3 potions of flight {unknown}
 z - a potion of invisibility {unknown}
Comestibles
 f - 4 bread rations
 j - 2 meat rations
 t - 4 royal jellies


   Skills:
 + Level 3.9 Fighting
 * Level 5.9 Crossbows
 + Level 3.1 Armour
 + Level 3.1 Dodging
 - Level 1.2 Stealth


You had 6 spell levels left.
You didn't know any spells.

Dungeon Overview and Level Annotations

Branches:
Dungeon (4/15)
 Temple: D:4-7

Altars:


Innate Abilities, Weirdness & Mutations

You cannot be hasted, slowed, berserked, paralysed or teleported.
You can dig through walls and to a lower floor.
Your four strong arms can wield two-handed weapons with a shield.
You have a pair of large antennae on your head. (SInv)


Message History

You shoot a bolt. The bolt hits the iguana.
The iguana is lightly wounded.
The iguana closely misses you.
Firing (i - inventory):
A - 4 bolts (quivered)
Press: ? - help, Shift-Dir - straight line, f/p - iguana
Aim: an iguana (lightly wounded)
You shoot a bolt. The bolt hits the iguana!
The iguana is severely wounded.
The iguana bites you!
* * * LOW HITPOINT WARNING * * *
The orc barely misses you.
Firing (i - inventory):
A - 3 bolts (quivered)
Press: ? - help, Shift-Dir - straight line, f/p - iguana
Aim: an iguana (severely wounded)
You shoot a bolt. The bolt closely misses the iguana.
The iguana bites you.
* * * LOW HITPOINT WARNING * * *
The orc hits you with a dagger.
* * * LOW HITPOINT WARNING * * *
The iguana bites you!
You die...

##### ...# ....#
#####...# ....#
#.......# ....#
#.......# ....#
#.......# ....#
#.......#
....###########......###
....'..).(....(l@.......
...o###########.o....###
........{{....#......#
..#.......### .##.####
..#.#####.# #. .#
..........# .. ..
..........# #.. .#.
..........# #.# .#.#
..........###.#


You could see an iguana and an orc.

Vanquished Creatures
  2 ogres (D:4)
  An orc priest (D:4)
  A hound (D:4)
  An orc wizard (D:4)
  4 adders
  An ooze (D:1)
  2 adder skeletons (D:4)
  5 worms
  3 dart slugs
  2 leopard geckos
  2 orcs (D:4)
  2 giant cockroaches
  5 goblins
  7 hobgoblins
  4 jackals
  7 kobolds
  A ball python (D:2)
  7 bats
  9 frilled lizards
  4 rats
70 creatures vanquished.

Vanquished Creatures (others)
  An orc wizard (D:4)
1 creature vanquished.

Grand Total: 71 creatures vanquished

Notes
Turn   | Place    | Note
-------+----------+-------------------------------------------
     0 | D:1      | azrac the Formicid Hunter began the quest for the Orb.
     0 | D:1      | Reached XP level 1. HP: 16/16 MP: 1/1
    83 | D:1      | Reached XP level 2. HP: 12/22 MP: 2/2
   113 | D:1      | Reached skill level 1 in Armour
   483 | D:1      | Reached XP level 3. HP: 26/27 MP: 3/3
  1019 | D:2      | Reached XP level 4. HP: 31/34 MP: 4/4
  2368 | D:4      | Reached XP level 5. HP: 41/41 MP: 5/5
  2388 | D:4      | Reached skill level 5 in Crossbows
  2897 | D:4      | Reached XP level 6. HP: 5/47 MP: 6/6
  3293 | D:4      | Noticed an ogre
  3305 | D:4      | Killed an ogre
  3313 | D:4      | Noticed an ogre
  3334 | D:4      | Killed an ogre
  3334 | D:4      | Reached XP level 7. HP: 5/53 MP: 7/7
  3451 | D:4      | Slain by an iguana

Skill      XL: |  1  2  3  4  5  6 |
---------------+-------------------+-----
Armour         | 1 2 3 |  3.1
Dodging        | 2 3 |  3.1
Fighting       | 3 |  3.9
Crossbows      | 5 |  5.9
Stealth        | |  1.2

Action                   |  1- 3 |  4- 6 |  7- 9 || total
-------------------------+-------+-------+-------++-------
Melee: Short sword       |   113 |   162 |       ||   275
 Fire: Hand crossbow     |     7 |    52 |     6 ||    65
 Abil: Dig               |       |     1 |       ||     1
 Stab: Sleeping          |     3 |     1 |       ||     4
  Eat: Chunk             |       |     6 |     2 ||     8
       Fruit             |       |     1 |       ||     1
Armor: Leather armour    |    52 |    59 |     1 ||   112
Dodge: Dodged            |    92 |   122 |     3 ||   217
